 Dungeon Crawl Stone Soup version 0.19.5 (webtiles) character file.

13667 Azzok the Archer (level 11, -7/104 HPs)
             Began as a Centaur Fighter on June 5, 2017.
             Was a High Priest of Okawaru.
             Mangled by a large abomination (8 damage)
             ... on level 1 of the Abyss.
             The game lasted 00:45:10 (20092 turns).

Azzok the Archer (Centaur Fighter)                 Turns: 20092, Time: 00:45:11

Health: -7/104     AC: 21    Str: 22    XL:     11   Next: 78%
Magic:  20/28      EV:  3    Int:  7    God:    Okawaru [*****.]
Gold:   493        SH:  0    Dex:  9    Spells: 1 memorised, 9 levels left

rFire  . . .     SeeInvis .     F - +1 scimitar (flame)
rCold  . . .     Gourm    .     d - +7 scale mail of Midwinter {rCorr MP+9}
rNeg   . . .     Faith    .     c - +0 shield
rPois  +         Spirit   .     w - +1 helmet
rElec  .         Reflect  +     J - +0 cloak
rCorr  +         Harm     .     (no gloves)
MR     .....                    K - +0 centaur barding
Stlth  ..........               b - +6 amulet of reflection
                                (no ring)
                                e - ring of poison resistance

@: confused, liquid flames, very slightly contaminated, hasted, glowing,
drained, very quick
A: hooves 3, deformed body, speed 2, tough skin 3
a: Heroism, Finesse, Renounce Religion


You were on level 1 of the Abyss.
You worshipped Okawaru.
Okawaru was extremely pleased with you.
You were very hungry.

You visited 2 branches of the dungeon, and saw 12 of its levels.
You visited the Abyss 2 times.

You collected 691 gold pieces.
You spent 198 gold pieces at shops.

Inventory:

Hand Weapons
 F - a +1 scimitar of flaming (weapon)
 H - a +0 shortbow
Missiles
 j - 365 arrows
Armour
 c - a +0 shield (worn)
 d - the +7 scale mail of Midwinter (worn) {rCorr MP+9}
   (You bought it in a shop on level 5 of the Dungeon)

   It affects your magic capacity (+9).
   It protects you from acid and corrosion.
 w - a +1 helmet (worn)
 I - the +1 leather armour of Fun and Games {rC++}
   (You found it on level 9 of the Dungeon)

   It greatly protects you from cold.
 J - a +0 cloak (worn)
 K - a +0 centaur barding (worn)
Jewellery
 b - a +6 amulet of reflection (around neck)
 e - a ring of poison resistance (left hand)
Wands
 a - a wand of enslavement (18/24)
 M - a wand of paralysis (0/24)
Scrolls
 h - a scroll of immolation
 k - 6 scrolls of magic mapping
 l - 4 scrolls of remove curse
 m - a scroll of recharging
 n - a scroll of amnesia
 q - 3 scrolls of fear
 r - 4 scrolls of enchant armour
 s - 2 scrolls of fog {unknown}
 t - 2 scrolls of identify
 y - 4 scrolls of teleportation
 C - 2 scrolls of enchant weapon {unknown}
 G - 2 scrolls of random uselessness {unknown}
Potions
 g - 4 potions of brilliance
 z - 2 potions of flight
 E - a potion of agility
Books
 P - a book of the Sky

   Spells                             Type                      Level
   a - Summon Lightning Spire         Summoning/Air                4
   b - Airstrike                      Air                          4
   c - Silence                        Hexes/Air                    5
   d - Deflect Missiles               Charms/Air                   6
   e - Conjure Ball Lightning         Conjuration/Air              6
   f - Tornado                        Air                          9
Miscellaneous
 N - a box of beasts
Comestibles
 v - a bread ration {@e1}
 A - 2 meat rations {@e2}
 L - 2 beef jerkies


   Skills:
 - Level 12.3(12.1) Fighting
 - Level 1.7(1.6) Long Blades
 + Level 13.5(13.2) Bows
 - Level 2.1(2.0) Armour
 - Level 2.1(2.0) Shields
 - Level 11.0(10.8) Invocations


You had 9 spell levels left.
You knew the following spells:

 Your Spells              Type           Power        Failure   Level  Hunger
a - Apportation           Tloc           #.........   100%        1    ##.....


Dungeon Overview and Level Annotations

Branches:
Dungeon (11/15)            Temple (1/1) D:4            Lair (0/6) D:9
    Orc: D:9-12

Altars:
Ashenzari
Cheibriados
Dithmenos
Elyvilon
Fedhas
Gozag
Hepliaklqana
Kikubaaqudgha
Makhleb
Nemelex Xobeh
Okawaru
Qazlal
Ru
Trog
Uskayaw
Xom
Yredelemnul
Zin
The Shining One

Shops:
D:5 [   D:10 (

Annotations:
D:6 tognito's ghost, novice MiBe
D:9 Erolcha
D:10 Harold


Innate Abilities, Weirdness & Mutations

You have hooves in place of feet.
Armour fits poorly on your strangely shaped body.
You cover ground very quickly.
You have extremely tough skin. (AC +3)


Message History

You are covered in liquid flames!
The golden eye blinks at you.
You are more confused.
You bump into the stone wall.
You are covered in liquid flames!
* * * LOW HITPOINT WARNING * * *
The golden eye turns its gaze towards you.
The large abomination hits you.
* * * LOW HITPOINT WARNING * * *
The golden eye blinks!
The smoke demon hits you but does no damage. x3
You take 6 damage, and have 6/104 hp.
You closely miss the smoke demon.
The smoke demon is almost dead.
You are covered in liquid flames!
* * * LOW HITPOINT WARNING * * *
The golden eye blinks at you.
You are more confused.
The large abomination hits you!
You die...

·· ▒· ▒·▒
··▒ ·· ▒
▒▒▒▒· ▒·▒
▒···X▒▒▒··▒
· ▒▒@···▒
··
·▒▒▒3▒§·▒·▒
▒···G·▒G·▒▒
▒··▒▒▒·
▒·▒·▒ ····
▒···3G··▒
▒·· ▒·▒G▒
·▒▒···▒ ··
▒···▒· ▒··
▒ · ▒▒·
▒···▒ ·· ·
· ··▒· ·▒
·▒ ▒


You could see a large abomination, a smoke demon and 2 golden eyes.

Vanquished Creatures
  Erica (D:9)
  The ghost of Azzok the Archer, a novice CeFi of Okawaru (D:8)
  Pikel (D:9)
  3 hill giants (D:11)
  A cyclops (D:11)
  A gargoyle (D:11)
  A catoblepas skeleton (Abyss:1)
  A polar bear (D:11)
  2 two-headed ogres (D:10)
  2 trolls
  7 hippogriffs
  Sigmund (D:5)
  A shadow (D:11)
  A wyvern (D:11)
  A wraith (D:11)
  A yak (D:11)
  Edmund (D:5)
  5 orc warriors
  3 water moccasins
  2 slaves (D:9)
  2 ice beasts
  2 sky beasts
  A necrophage (D:11)
  A wolf (D:11)
  2 ogres
  2 centaurs
  2 crocodiles
  2 big kobolds (D:11)
  9 bullfrogs
  A gnoll sergeant (D:9)
  A water moccasin zombie (D:10)
  A wyvern zombie (D:11)
  6 scorpions
  9 killer bees
  15 wights
  A howler monkey (D:5)
  A bullfrog zombie (D:10)
  4 crimson imps
  5 hounds
  2 jellies
  15 orc wizards
  A bullfrog skeleton (D:8)
  10 orc priests
  A gnoll shaman (D:8)
  Natasha (thrice) (D:3)
  4 centaur skeletons
  3 iguanas
  7 worker ants
  A bullfrog simulacrum (D:11)
  A hound skeleton (D:7)
  2 worker ant zombies
  16 gnolls
  13 adders
  A hound simulacrum (D:11)
  4 shadow imps
  A white imp (D:11)
  A worker ant simulacrum (D:11)
  An ufetubus (D:11)
  An ooze (D:5)
  An adder zombie (D:5)
  2 adder skeletons
  5 worms
  4 leopard geckos
  41 orcs
  6 giant cockroaches
  4 goblins
  5 hobgoblins (D:1)
  8 jackals
  10 kobolds
  5 quokkas
  2 ball pythons
  A ball python skeleton (D:4)
  5 bats
  7 frilled lizards
  A jackal zombie (D:5)
  A leopard gecko zombie (D:5)
  2 quokka skeletons
  2 quokka zombies
  4 rats
308 creatures vanquished.

Vanquished Creatures (others)
  2 slaves (D:9)
  An orc wizard (D:9)
  An adder (D:9)
  An orc (D:9)
  A kobold (D:11)
  A fungus (D:9)
  A lurking horror (Abyss:1)
  A plant (D:9)
9 creatures vanquished.

Grand Total: 317 creatures vanquished

Notes
Turn   | Place    | Note
-------+----------+-------------------------------------------
     0 | D:1      | Azzok the Centaur Fighter began the quest for the Orb.
     0 | D:1      | Reached XP level 1. HP: 19/19 MP: 1/1
   163 | D:1      | Reached XP level 2. HP: 20/26 MP: 2/2
   683 | D:2      | Found a bloodstained altar of Trog.
   855 | D:2      | Reached XP level 3. HP: 33/33 MP: 3/3
  1145 | D:2      | Reached skill level 5 in Fighting
  1145 | D:2      | Reached XP level 4. HP: 21/42 MP: 4/4
  1435 | D:2      | Found a shimmering altar of Xom.
  1900 | D:3      | Noticed Natasha
  1903 | D:3      | Killed Natasha
  2002 | D:3      | Noticed Natasha
  2008 | D:3      | Killed Natasha
  2008 | D:3      | Reached XP level 5. HP: 34/50 MP: 5/5
  2140 | D:3      | Noticed Natasha
  2149 | D:3      | Killed Natasha
  3028 | D:4      | Reached XP level 6. HP: 58/58 MP: 6/6
  4305 | D:4      | Found a staircase to the Ecumenical Temple.
  4358 | Temple   | Entered the Ecumenical Temple
  4372 | Temple   | Became a worshipper of Warmaster Okawaru
  4541 | D:4      | Reached XP level 7. HP: 33/68 MP: 7/7
  4788 | D:4      | Found an ancient bone altar of Kikubaaqudgha.
  4790 | D:4      | Found a sacrificial altar of Ru.
  5408 | D:5      | Entered Level 5 of the Dungeon
  5429 | D:5      | Found Luygoxzi's Antique Armour Emporium.
  5998 | D:5      | Noticed Sigmund
  6001 | D:5      | Noticed Edmund
  6084 | D:5      | Killed Edmund
  6734 | D:6      | Reached XP level 8. HP: 69/79 MP: 8/8
  7007 | D:6      | Reached skill level 10 in Fighting
  7062 | D:6      | Reached * piety under Okawaru
  7129 | D:6      | Noticed tognito's ghost (novice MiBe)
  7923 | D:5      | Killed Sigmund
  8471 | D:5      | Bought a spiked scale mail for 198 gold pieces
  8481 | D:5      | Identified the +7 scale mail of Midwinter {rCorr MP+9} (You bought it in a shop on level 5 of the Dungeon)
  9240 | D:7      | Reached XP level 9. HP: 87/90 MP: 9/9
  9388 | D:7      | Got a crude scale mail
  9399 | D:7      | Identified the +5 scale mail "Yduizul" {-Cast +Fly Dex+4 SInv} (You found it on level 7 of the Dungeon)
  9542 | D:7      | Reached ** piety under Okawaru
 10486 | D:7      | Found an iron altar of Okawaru.
 10496 | D:7      | Reached skill level 1 in Bows
 10568 | D:7      | Found a stormy altar of Qazlal.
 10601 | D:7      | Reached skill level 2 in Bows
 10601 | D:7      | Reached skill level 1 in Invocations
 11020 | D:8      | Noticed Azzok's ghost (novice CeFi)
 11042 | D:7      | Reached skill level 3 in Bows
 11398 | D:8      | Found a sparkling altar of Nemelex Xobeh.
 11452 | D:8      | Killed Azzok's ghost
 11452 | D:8      | Reached *** piety under Okawaru
 11452 | D:8      | Reached skill level 5 in Bows
 11704 | D:8      | Found a hazy altar of Hepliaklqana.
 11814 | D:7      | Reached skill level 6 in Bows
 11814 | D:7      | Reached skill level 5 in Invocations
 12026 | D:8      | Found a white marble altar of Elyvilon.
 12028 | D:8      | Found a glowing golden altar of the Shining One.
 12029 | D:8      | Found a glowing silver altar of Zin.
 12175 | D:8      | Reached XP level 10. HP: 76/97 MP: 14/14
 12189 | D:8      | Reached skill level 7 in Bows
 12591 | D:8      | Reached **** piety under Okawaru
 13618 | D:9      | Reached skill level 8 in Bows
 13703 | D:9      | Noticed Pikel
 13714 | D:9      | Killed Pikel
 14040 | D:9      | Received a gift from Okawaru
 14313 | D:9      | Noticed a dagger
 14314 | D:9      | Noticed a hand axe
 14317 | D:9      | Found a hide-covered altar of Uskayaw.
 14368 | D:9      | Reached skill level 9 in Bows
 14373 | D:9      | Noticed Erica
 14962 | D:9      | Found a staircase to the Lair.
 14973 | D:9      | Noticed Erolcha
 15079 | D:9      | Got a smoking leather armour
 15110 | D:9      | Cast into level 2 of the Abyss (Erolcha)
 15117 | D:9      | Escaped the Abyss
 15365 | D:8      | Identified the +1 leather armour of Fun and Games {rC++} (You found it on level 9 of the Dungeon)
 15505 | D:9      | Killed Erica
 15505 | D:9      | Reached skill level 10 in Bows
 15529 | D:10     | Entered Level 10 of the Dungeon
 15670 | D:10     | Learned a level 1 spell: Apportation
 15861 | D:10     | Found Meufin's Weapon Shop.
 16218 | D:10     | Reached XP level 11. HP: 92/104 MP: 17/17
 16307 | D:10     | Noticed Harold
 16882 | D:10     | Reached skill level 11 in Bows
 17140 | D:11     | Received a gift from Okawaru
 17311 | D:11     | Noticed a hill giant
 17335 | D:11     | Killed a hill giant
 17335 | D:11     | Reached ***** piety under Okawaru
 17335 | D:11     | Received a gift from Okawaru
 17341 | D:11     | Reached skill level 10 in Invocations
 17616 | D:11     | Noticed a hill giant
 17638 | D:11     | Killed a hill giant
 17638 | D:11     | Reached skill level 12 in Bows
 17900 | D:11     | Noticed a hill giant
 17934 | D:11     | Killed a hill giant
 18297 | D:11     | Received a gift from Okawaru
 19179 | D:11     | Received a gift from Okawaru
 19219 | D:11     | Reached skill level 13 in Bows
 19680 | D:11     | Noticed a red ugly thing
 19766 | D:9      | Cast into level 1 of the Abyss (Erolcha)
 19788 | Abyss:1  | Received a gift from Okawaru
 19846 | Abyss:1  | Noticed a glowing orange brain
 20003 | Abyss:1  | Noticed a large abomination
 20092 | Abyss:1  | HP: 1/104 [burnt (5)]
 20092 | Abyss:1  | Mangled by a large abomination

Skill      XL: |  1  2  3  4  5  6  7  8  9 10 11 |
---------------+----------------------------------+-----
Fighting       | 4 5 6 8 9 11 12 | 12.3
Bows           | 6 10 13 | 13.5
Invocations    | 5 9 11 | 11.0
Long Blades    | |  1.7
Armour         | |  2.1
Shields        | |  2.1

Action                   |  1- 3 |  4- 6 |  7- 9 | 10-12 || total
-------------------------+-------+-------+-------+-------++-------
Melee: Long sword        |   115 |   240 |   613 |   331 ||  1299
       Kick              |    18 |    55 |   200 |   228 ||   501
       Rapier            |       |       |     9 |       ||     9
       Scimitar          |       |       |       |   409 ||   409
 Fire: Shortbow          |       |       |       |     6 ||     6
Invok: Heroism           |       |       |     1 |     4 ||     5
Evoke: Wand              |       |       |       |    15 ||    15
  Use: Scroll            |       |       |     4 |     8 ||    12
       Potion            |       |       |     2 |    12 ||    14
  Eat: Chunk             |       |     7 |    19 |    15 ||    41
       Bread ration      |       |     1 |       |     2 ||     3
       Fruit             |       |       |     3 |       ||     3
Armor: Scale mail        |    74 |    95 |   315 |   494 ||   978
       Chain mail        |       |       |    11 |       ||    11
       Skin              |       |       |       |    58 ||    58
Dodge: Dodged            |    28 |    44 |   123 |   130 ||   325
Block: Shield            |    53 |   101 |   275 |   498 ||   927
       Reflection        |       |       |       |     9 ||     9
       Rpst.: Long sword |    10 |     7 |    36 |    23 ||    76
       Scimitar          |       |       |       |    10 ||    10
